 Dungeon Crawl Stone Soup version 0.20-a0-301-g264e157 (webtiles) character file.

14 Junicave the Digger (level 2, -4/15 HPs)
             Began as a Gargoyle Earth Elementalist on Dec 16, 2016.
             Slain by a gnoll
             ... wielding a +0 spear
              (8 damage)
             ... on level 1 of the Dungeon.
             The game lasted 00:01:39 (450 turns).

Junicave the Digger (Gargoyle Earth Elementalist)    Turns: 450, Time: 00:01:39

Health: -4/15      AC:  4    Str: 11    XL:     2   Next: 41%
Magic:  1/5        EV: 12    Int: 15    God:
Gold:   25         SH:  0    Dex: 10    Spells: 5/6 levels left

rFire  . . .     SeeInvis .     a - +0 club
rCold  . . .     Gourm    .     c - +0 robe
rNeg   + . .     Faith    .     (no shield)
rPois  ∞         Spirit   .     (no helmet)
rElec  +         Reflect  .     (no cloak)
rCorr  .         Harm     .     (no gloves)
MR     .....                    (no boots)
Stlth  ++........               (no amulet)
                                (no ring)
                                (no ring)

@: no status effects
A: negative energy resistance 1, electricity resistance, unbreathing,
petrification resistance, rot immunity, AC +2
a: no special abilities


You were on level 1 of the Dungeon.
You were not hungry.

You visited 1 branch of the dungeon, and saw 1 of its levels.

You collected 25 gold pieces.

Inventory:

Hand Weapons
 a - a +0 club (weapon)
Missiles
 b - 32 stones (quivered)
Armour
 c - a +0 robe (worn)
Scrolls
 j - 2 scrolls of remove curse {unknown}
Potions
 f - 2 potions of resistance {unknown}
 h - a potion of might {unknown}
Books
 e - a book of Geomancy

   Spells                             Type                      Level
   a - Sandblast                      Earth                        1
   b - Passwall                       Transmutation/Earth          2
   c - Stone Arrow                    Conjuration/Earth            3
   d - Petrify                        Transmutation/Earth          4
   e - Lee's Rapid Deconstruction     Earth                        5
Comestibles
 d - a bread ration
 g - a chunk of flesh
 i - a meat ration


   Skills:
 - Level 1.5 Dodging
 - Level 2.1 Stealth
 * Level 2.5 Spellcasting
   Level 0.7 Transmutations
 + Level 4.0 Earth Magic


You had 5 spell levels left.
You knew the following spells:

 Your Spells              Type           Power        Failure   Level  Hunger
a - Sandblast             Erth           ##....       4%          1    #......


Dungeon Overview and Level Annotations

Branches:
Dungeon (1/15)

Altars:


Innate Abilities, Weirdness & Mutations

You are resistant to torment.
Your stone body is resilient. (AC +2)
You are immune to poison.
You resist negative energy. (rN+)
You are resistant to electric shocks. (rElec)
You can survive without breathing.
You are immune to petrification.
You are immune to rotting.


Message History

Aim: a gnoll, wielding a spear The blast of sand hits the gnoll.
The gnoll closely misses you.
Casting: Sandblast
Confirm with . or Enter, or press ? or * to list all spells.
Aiming: Sandblast
Press: ? - help, Shift-Dir - straight line, f/p - gnoll
Aim: a gnoll, wielding a spear The blast of sand hits the gnoll.
The gnoll is moderately wounded.
The gnoll closely misses you.
Casting: Sandblast
Confirm with . or Enter, or press ? or * to list all spells.
Aiming: Sandblast
Press: ? - help, Shift-Dir - straight line, f/p - gnoll
Aim: a gnoll, wielding a spear (moderately wounded)
The blast of sand hits the gnoll.
The gnoll is severely wounded.
The gnoll hits you with a spear!
Ouch! That really hurt!
You die...

......###.#########.# #.#......
......#.............#####.#......
......#.#......#..........+......
#'###.#.#......#.###.####.#.....#
#'###.#.#...##...###.####.......#
......#.#...##...#..........)...#
......#.#........#..............#
......#.#..###...#..............#
......#........g@...............#
...............######.###.......#
......)........#......###+#+##...
#...........................##.##
....#..#....................##.#.
....#..#....g...............##.#.
....#..#....................##.#.
....#..###..##########+##.#.##.#.
.. #..# #..# #.....##.#.#....


You could see a gnoll.

Vanquished Creatures
  A dart slug (D:1)
  A giant cockroach (D:1)
  2 goblins (D:1)
  2 hobgoblins (D:1)
  3 bats (D:1)
  A frilled lizard (D:1)
  A kobold (D:1)
  A rat (D:1)
12 creatures vanquished.

Notes
Turn   | Place    | Note
-------+----------+-------------------------------------------
     0 | D:1      | Junicave the Gargoyle Earth Elementalist began the quest for the Orb.
     0 | D:1      | Reached XP level 1. HP: 10/10 MP: 3/3
   153 | D:1      | Reached XP level 2. HP: 15/15 MP: 1/5
   346 | D:1      | Reached skill level 4 in Earth Magic
   450 | D:1      | Slain by a gnoll

Vault maps used:
D:1:      matt_arrival_grand_opening

Skill      XL: |  1  2 |
---------------+-------+-----
Earth Magic    | 4 |  4.0
Dodging        | |  1.5
Stealth        | |  2.1
Spellcasting   | |  2.5
Transmutations | |  0.7

Action                   || total
-------------------------++-------
Melee: Club              ||    30
       Unarmed           ||     3
 Cast: Sandblast         ||    11
 Stab: Sleeping          ||     2
Armor: Robe              ||    14
Dodge: Dodged            ||    24
